 Dungeon Sprint DCSS version 0.19.1 (webtiles) character file.

6947 Groucho the Imperceptible (level 10, -5/55 (56) HPs)
             Began as a Spriggan Enchanter on Dec 14, 2016.
             Was a Priest of Sif Muna.
             Engulfed by a cloud of steam (6 damage)
             ... in the Dungeon (Sprint II: "The Violet Keep of Menkaure") on Dec 15, 2016.
             The game lasted 00:12:08 (3758 turns).

Groucho the Imperceptible (Spriggan Enchanter)      Turns: 3758, Time: 00:12:08

HP:   -5/55 (56)    AC:  6    Str:  7    XL:     10   Next: 80%
MP:   24/27         EV: 29    Int: 17    God:    Sif Muna [***...]
Gold: 613           SH:  0    Dex: 17    Spells: 5 memorised, 22 levels left

rFire  . . .     SeeInvis +     a - +1 dagger
rCold  . . .     Gourm    .     b - +1 robe
rNeg   . . .     Faith    .     (shield restricted)
rPois  +         Spirit   .     e - +0 hat
rElec  .         Reflect  .     k - +2 cloak {rPois}
rCorr  .         Harm     .     (gloves unavailable)
MR     +....     NoTele   +     (boots unavailable)
Stlth  ++++++++..               (no amulet)
                                (no ring)
                                i - ring of flight

@: very quick
A: unfitting armour, see invisible, herbivore 3, speed 3, slow metabolism 2
a: Divine Energy, Channel Magic, Renounce Religion, Evoke Flight


You were in the Dungeon.
You worshipped Sif Muna.
Sif Muna was most pleased with you.
You were full.

You visited 1 branch You collected 1315 gold pieces.
You spent 702 gold pieces at shops.

Inventory:

Hand Weapons
 a - a +1 dagger (weapon)
Armour
 b - a +1 robe (worn)
 e - a +0 hat (worn)
 k - a +2 cloak of poison resistance (worn)
Jewellery
 i - a ring of flight (left hand)
Potions
 h - a potion of magic
Books
 c - a book of Maledictions

   Spells                             Type                      Level
   a - Corona                         Hexes                        1
   b - Ensorcelled Hibernation        Hexes/Ice                    2
   c - Confuse                        Hexes                        3
   d - Tukima's Dance                 Hexes                        3
   e - Dazzling Spray                 Conjuration/Hexes            3


   Skills:
 + Level 7.7 Fighting
 + Level 10.1 Short Blades
 + Level 13.0 Dodging
 * Level 21.0 Stealth
 + Level 12.7 Spellcasting
 + Level 12.8 Hexes


You had 22 spell levels left.
You knew the following spells:

 Your Spells              Type           Power        Failure   Level  Hunger
a - Corona                Hex            ######.      1%          1    None
b - Ensorcelled Hibernat  Hex/Ice        ####..       1%          2    None
c - Confuse               Hex            ######..     1%          3    None
d - Dazzling Spray        Conj/Hex       ####..       1%          3    None
e - Tukima's Dance        Hex            ######..     1%          3    None


Dungeon Overview and Level Annotations

Branches:
Dungeon (1/1)

Altars:
Cheibriados
Dithmenos
Elyvilon
Fedhas
Gozag
Hepliaklqana
Kikubaaqudgha
Makhleb
Nemelex Xobeh
Okawaru
Qazlal
Ru
Sif Muna
Trog
Uskayaw
Vehumet
Xom
Yredelemnul
Zin
The Shining One
Beogh
Jiyva
Lugonu

Shops:
D :}[=([(%!==(?!:[

Annotations:
D exclusion: oklob plant


Innate Abilities, Weirdness & Mutations

You are very small and have problems with some larger weapons.
You are too small for most types of armour.
You have supernaturally acute eyesight. (SInv)
You are a herbivore.
You cover ground extremely quickly.
You need consume almost no food.


Message History

Casting: Confuse
Confirm with . or Enter, or press ? or * to list all spells.
Aiming: Dazzling Spray
Press: ? - help, Shift-Dir - straight line, f - crystal guardian
Aim: a crystal guardian (noxious fumes, hasn't noticed you)
The spray of energy hits the crystal guardian.
The crystal guardian fires a crystalline bolt at you.
The crystal bolt freezes you!
Ouch! That really hurt!
* * * LOW HITPOINT WARNING * * *
Unknown command.
Okay, then.
Okay, then.
Really walk into a travel-excluded area?
You enter the shallow water.
Moving in this stuff is going to be slow.
The crystal guardian fires a crystalline bolt at you.
The crystal bolt misses you.
You are engulfed in a cloud of scalding steam.
You die...

≈.##+##..#..####^#§.#
≈##.#.##.####.÷'.##.# ≈#..#..#
...#÷[#...####
###.#.####..#####..##.# !$!
.###'###.##..#..'.8#..#▓![$($=
..##.##...#..#..#..#..#▓[$?(!)
##'.<.'##.'..####..##.#▓[$)!??
..##.##...#.§§.###...##▓▓▓▓▓▓▓
.###'###.##..§§.@§§≈≈≈≈≈≈≈≈≈≈≈
###.#.####≈≈§.§.§§#)########+###
≈#.###.#≈≈≈≈≈≈§§§§#..._._..#§≈≈##
≈##.#.##≈≈≈≈≈≈≈≈.≈#.._._._.#≈≈§§#
≈≈##+##≈≈≈≈§≈§≈≈§≈#._._._._#§§§≈≈
≈≈ ≈≈≈≈≈≈§≈≈§§≈≈#_._._._.#§§t§§
+++#≈≈≈§≈≈≈≈≈#._._._..#≈§≈§§
##≈§§###§≈#_._._..(#t≈≈§§ ##≈≈
#≈§#._._..(.#t≈§§§


There were no monsters in sight!

Vanquished Creatures
  A deep elf master archer (D)
  A great orb of eyes (D)
  2 death drakes (D)
  2 spiny frogs (D)
  A yaktaur (D)
  2 tyrant leeches (D)
  3 polar bears (D)
  A hornet (D)
  3 slime creatures (D)
  2 hippogriffs (D)
  A swamp drake (D)
  4 necrophages (D)
  A crocodile (D)
  4 worker ants (D)
28 creatures vanquished.

Vanquished Creatures (others)
  Menkaure (D)
  A crocodile (D)
2 creatures vanquished.

Grand Total: 30 creatures vanquished

Notes
Turn   | Place    | Note
-------+----------+-------------------------------------------
     0 | D        | Groucho the Spriggan Enchanter began the quest for the Orb.
     0 | D        | Reached XP level 1. HP: 9/9 MP: 5/5
     1 | D        | Noticed a tyrant leech
     1 | D        | Noticed a tyrant leech
     5 | D        | Noticed a hippogriff
     5 | D        | Noticed a hippogriff
     9 | D        | Noticed a necrophage
     9 | D        | Noticed a necrophage
     9 | D        | Noticed a necrophage
     9 | D        | Noticed a necrophage
    13 | D        | Noticed a worker ant
    13 | D        | Noticed a worker ant
    13 | D        | Noticed a worker ant
    13 | D        | Noticed a worker ant
    21 | D        | Killed a worker ant
    21 | D        | Reached skill level 7 in Stealth
    21 | D        | Reached XP level 2. HP: 7/13 MP: 6/8
    29 | D        | Reached skill level 8 in Stealth
    29 | D        | Reached skill level 5 in Hexes
    29 | D        | Reached XP level 3. HP: 15/16 MP: 7/10
    32 | D        | Reached skill level 9 in Stealth
    32 | D        | Reached skill level 5 in Spellcasting
    32 | D        | Reached XP level 4. HP: 20/21 MP: 8/12
    38 | D        | Reached skill level 10 in Stealth
    44 | D        | Killed Menkaure
   121 | D        | Killed a crocodile
   640 | D        | Learned a level 2 spell: Ensorcelled Hibernation
   644 | D        | Learned a level 3 spell: Confuse
   648 | D        | Learned a level 3 spell: Dazzling Spray
   652 | D        | Learned a level 3 spell: Tukima's Dance
   674 | D        | Killed a necrophage
   674 | D        | Reached skill level 12 in Stealth
   674 | D        | Reached XP level 5. HP: 17/24 MP: 6/15
   918 | D        | Killed a necrophage
   918 | D        | Reached skill level 1 in Fighting
   918 | D        | Reached skill level 13 in Stealth
   918 | D        | Reached XP level 6. HP: 27/29 MP: 13/17
  1174 | D        | Reached skill level 5 in Dodging
  1184 | D        | Reached skill level 14 in Stealth
  1693 | D        | Killed a hippogriff
  1693 | D        | Reached XP level 7. HP: 35/35 MP: 17/20
  1697 | D        | Killed a hippogriff
  1697 | D        | Reached skill level 5 in Short Blades
  1697 | D        | Reached skill level 15 in Stealth
  2027 | D        | Killed a tyrant leech
  2027 | D        | Reached XP level 8. HP: 41/41 MP: 16/22
  2038 | D        | Killed a tyrant leech
  2038 | D        | Reached skill level 16 in Stealth
  2562 | D        | Found Geneczocs's Antique Armour Shop.
  2562 | D        | Found Kosilyja's Magic Scroll Boutique.
  2562 | D        | Found Vuqudenn's Antique Weapon Shop.
  2562 | D        | Found Ulaw's Distillery.
  2562 | D        | Found Luneam Xiqi's Food Shop.
  2562 | D        | Found Guynk's Jewellery Shop.
  2562 | D        | Found Miuprez's Weapon Boutique.
  2563 | D        | Found Houj's Armour Boutique.
  2563 | D        | Found Tunoemod's Antique Weapon Shop.
  2563 | D        | Found Funosox's Jewellery Boutique.
  2563 | D        | Found Abudghius's Distillery.
  2564 | D        | Found Koakoyhe's Antique Armour Shop.
  2564 | D        | Found Boudo's Gadget Boutique.
  2565 | D        | Found Asir Fugi's Book Boutique.
  2565 | D        | Found Gyori's Jewellery Shop.
  2565 | D        | Noticed a polar bear
  2568 | D        | Noticed a polar bear
  2568 | D        | Noticed an oklob plant
  2569 | D        | Found Hoevyuli's Book Shoppe.
  2579 | D        | Noticed an unseen horror
  2605 | D        | Noticed an unseen horror
  2616 | D        | Bought a hat for 80 gold pieces
  2616 | D        | Bought a runed cloak for 210 gold pieces
  2630 | D        | Bought an uncursed ring of flight for 227 gold pieces
  2637 | D        | Bought a +2 cloak of poison resistance for 185 gold pieces
  2668 | D        | Reached skill level 10 in Hexes
  2687 | D        | Found a glowing golden altar of the Shining One.
  2688 | D        | Found a glowing silver altar of Zin.
  2688 | D        | Found a hide-covered altar of Uskayaw.
  2688 | D        | Found a radiant altar of Vehumet.
  2689 | D        | Found a basalt altar of Yredelemnul.
  2689 | D        | Found a bloodstained altar of Trog.
  2689 | D        | Found a burning altar of Makhleb.
  2689 | D        | Found a sparkling altar of Nemelex Xobeh.
  2691 | D        | Found a shimmering altar of Xom.
  2691 | D        | Found a deep blue altar of Sif Muna.
  2691 | D        | Found a corrupted altar of Lugonu.
  2692 | D        | Found a sacrificial altar of Ru.
  2692 | D        | Found an ancient bone altar of Kikubaaqudgha.
  2692 | D        | Found a white marble altar of Elyvilon.
  2694 | D        | Found a stormy altar of Qazlal.
  2694 | D        | Found a viscous altar of Jiyva.
  2694 | D        | Found a shadowy altar of Dithmenos.
  2695 | D        | Found a hazy altar of Hepliaklqana.
  2695 | D        | Found a snail-covered altar of Cheibriados.
  2697 | D        | Found a roughly hewn altar of Beogh.
  2697 | D        | Found a blossoming altar of Fedhas.
  2697 | D        | Noticed a hornet
  2697 | D        | Noticed a polar bear
  2698 | D        | Found an opulent altar of Gozag.
  2698 | D        | Found an iron altar of Okawaru.
  2698 | D        | Noticed a yaktaur
  2707 | D        | Became a worshipper of Sif Muna the Loreminder
  2712 | D        | Noticed a polar bear
  2723 | D        | Noticed a flying skull
  2723 | D        | Noticed a flying skull
  2735 | D        | Killed a polar bear
  2735 | D        | Reached skill level 10 in Spellcasting
  2738 | D        | Killed a hornet
  2738 | D        | Reached skill level 5 in Fighting
  2738 | D        | Reached skill level 17 in Stealth
  2740 | D        | Noticed a polar bear
  2741 | D        | Killed a yaktaur
  2741 | D        | Reached * piety under Sif Muna
  2754 | D        | Killed a polar bear
  2754 | D        | Reached XP level 9. HP: 25/46 MP: 9/24
  2765 | D        | Killed a polar bear
  2765 | D        | Reached skill level 10 in Dodging
  3039 | D        | Noticed a death drake
  3103 | D        | Killed a death drake
  3103 | D        | Reached skill level 18 in Stealth
  3121 | D        | Noticed a death drake
  3130 | D        | Killed a death drake
  3130 | D        | Reached ** piety under Sif Muna
  3133 | D        | Noticed a great orb of eyes
  3135 | D        | Killed a great orb of eyes
  3135 | D        | Reached skill level 19 in Stealth
  3135 | D        | Reached XP level 10. HP: 34/52 MP: 12/26
  3397 | D        | Noticed a spiny frog
  3398 | D        | Noticed a spiny frog
  3399 | D        | Killed a spiny frog
  3401 | D        | Killed a spiny frog
  3409 | D        | Noticed a deep elf master archer
  3414 | D        | Reached *** piety under Sif Muna
  3416 | D        | Reached skill level 20 in Stealth
  3425 | D        | Killed a deep elf master archer
  3425 | D        | Reached skill level 10 in Short Blades
  3425 | D        | Reached skill level 21 in Stealth
  3748 | D        | Noticed a crystal guardian
  3753 | D        | HP: 1/55 [crystal guardian/crystal bolt (54)]
  3758 | D        | Engulfed by a cloud of steam

Skill      XL: |  1  2  3  4  5  6  7  8  9 10 |
---------------+-------------------------------+-----
Stealth        | 7 8 9 12 13 14 15 17 19 21 | 21.0
Spellcasting   | 4 5 7 8 9 10 11 12 | 12.7
Hexes          | 4 5 7 9 10 11 12 | 12.8
Fighting       | 1 3 4 5 6 7 |  7.7
Short Blades   | 2 4 5 7 8 10 | 10.1
Dodging        | 4 6 7 9 11 13 | 13.0

Action                   |  1- 3 |  4- 6 |  7- 9 | 10-12 || total
-------------------------+-------+-------+-------+-------++-------
Melee: Dagger            |     7 |    26 |    32 |     6 ||    71
 Cast: Confuse           |       |    12 |     5 |     1 ||    18
       Ensorcelled Hiber |       |     4 |    19 |       ||    23
       Dazzling Spray    |       |       |       |     1 ||     1
 Abil: Evoke Flight      |       |       |     1 |       ||     1
  Use: Potion            |     3 |     1 |     1 |       ||     5
       Scroll            |       |       |     1 |       ||     1
 Stab: Sleeping          |     1 |     2 |     9 |     5 ||    17
       Confused          |       |     4 |     5 |       ||     9
  Eat: Bread ration      |       |       |     1 |       ||     1
Armor: Robe              |       |     3 |     2 |       ||     5
Dodge: Dodged            |    12 |    23 |    19 |     3 ||    57
